Map: Rhoskallian LE

Players

qqq

  • Race: Zerg Zerg
  • League: Platinum
  • Spawn Location: 12:00

Massa

  • Race: Terran Terran
  • League: Platinum
  • Spawn Location: 11:00

Anomandaris - Winner!

  • Race: Zerg Zerg
  • League: Master
  • Spawn Location: 6:00

Fatamor - Winner!

  • Race: Terran Terran
  • League: Platinum
  • Spawn Location: 5:00

VOD

Have the link to the VOD?

Description

Time

  • Played on: Sept. 5, 2020, 3:56 p.m.
  • Length: 18:40
Show
View Real Time Build Order
Export as new Build Order

qqq Zerg 

Build Orders: Hatch First, Swarm Host 

Get SALT Encoding   

  12  0:01  Drone  
  13  0:22  Drone  
  14  0:39  Hatchery  
  13  0:47  Drone  
  14  0:57  Spawning Pool  
  13  1:06  Overlord  
  13  1:10  Drone  
  14  1:16  Extractor  
  14  1:17  Drone  
  14  1:24  Drone  
  15  1:36  Drone  
  16  1:46  Drone  
  17  2:09  Queen  
  17  2:10  Drone x2  
  17  2:12  Drone  
  17  2:13  Drone, Queen  
  25  2:16  Drone  
  26  2:30  Drone  
  26  2:31  Zergling x2  
  26  2:32  Drone  
  28  2:38  Overlord  
  28  2:55  Drone  
  28  3:04  Metabolic Boost  
  27  3:13  Zergling x4  
  27  3:14  Drone x3  
  32  3:21  Zergling x6  
  35  3:34  Overlord x2  
  35  3:43  Overlord  
  35  3:51  Roach Warren  
  35  3:53  Lair  
  35  3:55  Hatchery  
  33  3:56  Drone  
  33  4:00  Drone x2  
  36  4:03  Zergling x2  
  36  4:07  Zergling x2  
  36  4:08  Zergling x2  
  39  4:11  Zergling x2  
  39  4:13  Zergling x2  
  41  4:22  Zergling x2  
  41  4:23  Zergling x6  
  43  4:44  Zergling x2  
  43  4:45  Zergling x6  
  39  4:52  Zergling x6  
  39  4:53  Zergling x8  
  43  5:06  Spine Crawler  
  42  5:07  Spine Crawler  
  42  5:13  Zergling x8  
  39  5:25  Roach  
  39  5:26  Roach  
  43  5:32  Queen  
  45  5:41  Drone x3  
  48  5:46  Roach  
  48  5:47  Roach x2  
  48  5:48  Roach x2  
  52  6:09  Drone x5  
  52  6:10  Roach  
  52  6:11  Roach x2  
  63  6:14  Roach  
  65  6:20  Overlord  
  65  6:30  Overlord x3  
  54  6:50  Roach x2  
  54  6:55  Glial Reconstitution  
  54  6:57  Roach x3  
  54  6:58  Drone x3  
  54  7:01  Drone x2  
  63  7:03  Roach  
  63  7:04  Drone x2  
  67  7:10  Drone  
  67  7:12  Roach x2  
  72  7:22  Queen  
  74  7:23  Drone  
  74  7:25  Queen  
  77  7:36  Drone  
  78  7:38  Roach x4  
  78  7:42  Extractor  
  85  7:49  Zergling x10  
  85  7:51  Overlord x2  
  90  7:52  Overlord  
  90  7:56  Spine Crawler  
  89  8:00  Spine Crawler  
  88  8:20  Roach x4  
  88  8:21  Drone x3  
  99  8:32  Spore Crawler  
  98  8:39  Extractor  
  98  8:40  Drone x5, Extractor  
  101  8:41  Roach  
  101  8:42  Roach  
  101  8:44  Spore Crawler  
  101  8:48  Spore Crawler  
  103  8:50  Drone x3, Spore Crawler  
  103  8:52  Roach x2  
  109  9:02  Zergling x4  
  111  9:03  Drone  
  112  9:12  Evolution Chamber, Infestation Pit  
  112  9:15  Roach  
  112  9:16  Evolution Chamber  
  111  9:17  Zergling x4  
  111  9:18  Drone  
  111  9:21  Overlord  
  114  9:39  Roach  
  114  9:40  Roach x2  
  114  9:41  Drone x2  
  114  9:43  Zerg Melee Weapons Level 1  
  122  9:47  Overlord  
  122  9:49  Zerg Ground Armor Level 1  
  59  10:17  Spore Crawler  
  59  10:18  Spore Crawler  
  57  10:22  Spore Crawler  
  57  10:23  Spore Crawler  
  57  10:25  Spore Crawler  
  57  10:26  Drone  
  57  10:27  Drone x4, Spore Crawler  
  57  10:28  Drone x3  
  60  10:29  Spore Crawler  
  60  10:31  Zergling x10, Spore Crawler  
  60  10:32  Spore Crawler  
  61  10:45  Drone  
  61  10:46  Spore Crawler  
  61  10:52  Hatchery  
  61  10:54  Roach x2  
  61  10:55  Roach x3  
  59  11:13  Roach x4  
  59  11:14  Roach x3  
  61  11:29  Roach  
  61  11:30  Roach x5  
  69  11:32  Lair  
  69  11:34  Drone  
  66  11:48  Roach x4  
  66  11:49  Roach x2  
  72  12:01  Extractor x2, Roach  
  72  12:02  Roach  
  54  13:02  Drone x3  
  57  13:06  Swarm Host  
  57  13:11  Overlord x5  
  57  13:12  Overlord x3  
  58  13:21  Hive  
  46  13:31  Spawning Pool, Swarm Host  
  48  13:44  Drone x3  
  48  13:46  Overlord x2  
  51  13:49  Swarm Host  
  51  13:53  Hatchery  
  53  13:56  Swarm Host x2  
  53  13:59  Drone x3  
  62  14:13  Swarm Host  
  62  14:14  Swarm Host  
  62  14:15  Hatchery  
  67  14:24  Hatchery  
  54  14:28  Drone x7  
  54  14:29  Drone  
  62  14:37  Spine Crawler  
  61  14:38  Spine Crawler  
  61  14:43  Spore Crawler  
  61  14:44  Spore Crawler  
  61  14:45  Spine Crawler  
  57  14:50  Spine Crawler  
  56  15:21  Drone  
  56  15:22  Drone x2  
  56  15:24  Spine Crawler, Viper x2  
  56  15:25  Viper  
  67  15:40  Burrow  
  46  16:40  Hatchery  
  46  16:44  Hatchery  
  35  16:52  Viper x3  
  35  16:53  Viper  
  46  17:11  Lair  
  46  17:37  Ultralisk Cavern  
  45  17:50  Hatchery  
Show
View Real Time Build Order
Export as new Build Order

Massa Terran 

Build Orders:  

Get SALT Encoding   

  12  0:00  SCV  
  13  0:12  SCV  
  14  0:22  Supply Depot  
  14  0:25  SCV  
  15  0:44  SCV  
  15  0:45  Barracks  
  15  0:49  Refinery  
  16  0:56  SCV  
  17  1:04  Refinery  
  17  1:08  SCV  
  18  1:20  SCV  
  19  1:32  SCV  
  20  1:44  SCV  
  21  1:51  Supply Depot  
  21  1:53  Factory  
  22  1:54  Reaper  
  22  2:00  Orbital Command  
  22  2:27  SCV  
  23  2:34  Reaper  
  24  2:40  Hellion  
  24  2:43  Command Center  
  26  3:10  Hellion  
  26  3:11  Reaper  
  26  3:12  SCV  
  30  3:22  Starport  
  30  3:24  SCV, Engineering Bay  
  31  3:34  Barracks  
  31  3:47  Barracks Tech Lab  
  31  3:51  Supply Depot x2  
  31  3:54  Terran Infantry Weapons Level 1  
  31  3:55  SCV  
  32  3:58  Supply Depot  
  32  4:07  SCV  
  31  4:13  Hellion  
  30  4:19  SCV, Marauder  
  30  4:23  Marine  
  32  4:30  SCV  
  33  4:31  SCV  
  33  4:35  Hellion  
  32  4:46  Marine  
  32  4:53  Marauder  
  17  5:04  Marine  
  17  5:06  Hellion  
  10  5:20  Marine  
  10  5:22  Marine  
  10  5:25  SCV  
  12  5:33  SCV  
  13  5:37  SCV  
  14  5:45  Marine  
  14  5:47  Marine  
  16  5:53  SCV  
  17  6:09  Marine  
  16  6:11  Marine  
  16  6:14  Widow Mine  
  16  6:16  SCV  
  20  6:27  Marine  
  20  6:30  Marine  
  20  6:32  SCV x2  
  24  7:02  SCV  
  24  7:03  SCV  
  24  7:15  SCV x2  
  26  7:16  Marine x2  
  28  7:26  Factory Tech Lab  
  28  7:27  SCV x2  
  30  7:33  Marine  
  30  7:34  Marine  
  32  7:39  SCV  
  33  7:44  Missile Turret  
  33  7:48  Missile Turret  
  33  7:51  Marine  
  33  7:54  Medivac  
  33  7:57  Widow Mine  
  38  8:01  SCV  
  38  8:03  SCV  
  38  8:04  Missile Turret  
  40  8:09  Missile Turret  
  40  8:13  SCV  
  41  8:34  SCV x2  
  41  8:36  Barracks Reactor  
  41  8:38  Barracks Tech Lab  
  43  8:42  Siege Tank  
  43  8:46  SCV x2  
  48  8:58  SCV x2  
  50  9:10  SCV  
  50  9:11  Orbital Command  
  50  9:14  Siege Tank  
  54  9:22  SCV  
  55  9:34  Marauder, Marine x2  
  55  9:35  SCV  
  60  9:46  Widow Mine  
  60  9:47  SCV  
  60  9:52  Marine x2  
  55  9:55  Marauder  
  55  9:56  Missile Turret  
  55  9:59  SCV  
  58  10:03  Medivac, Missile Turret  
  60  10:09  Widow Mine  
  62  10:19  Supply Depot  
  62  10:21  Stimpack, Supply Depot x3  
  62  10:26  Missile Turret  
  62  10:41  Widow Mine, Marine  
  65  10:44  Armory, Supply Depot  
  65  10:46  Supply Depot x2  
  65  10:49  Refinery, SCV x2  
  67  11:01  SCV x2  
  67  11:02  Marauder, Marine x2  
  67  11:03  Widow Mine  
  75  11:13  SCV x2  
  74  11:20  Marine x2  
  74  11:23  Marauder  
  78  11:38  Marine x2  
  77  11:44  Marauder  
  69  11:56  Marine x2  
  69  11:58  Medivac  
  73  12:06  Marauder  
  75  12:10  Terran Vehicle Weapons Level 1  
  75  12:13  Marine  
  75  12:14  Marine  
  77  12:16  Barracks  
  77  12:18  Barracks  
  77  12:31  Marine  
  77  12:32  Marine  
  78  12:40  Siege Tank  
  79  12:49  Marine x2  
  74  13:07  Marine x2  
  76  13:18  Barracks Tech Lab  
  76  13:24  Refinery  
  76  13:25  Marine x2  
  78  13:38  Marauder, Command Center  
  80  13:42  Marine  
  80  13:43  Marine, Missile Turret, Viking  
  80  13:45  Missile Turret  
  80  13:46  Missile Turret  
  84  13:48  Missile Turret  
  84  13:49  Widow Mine  
  86  13:59  Marauder  
  86  14:00  Marine  
  86  14:01  Marine  
  90  14:04  Missile Turret  
  90  14:11  Widow Mine  
  90  14:13  Viking  
  94  14:18  Marine  
  94  14:21  Marauder  
  97  14:32  Widow Mine  
  99  14:42  Marauder  
  96  14:50  Marine x2  
  98  14:53  Widow Mine  
  98  14:57  Orbital Command  
  98  14:58  SCV x2, Barracks  
  102  15:00  Barracks  
  102  15:03  Marauder  
  104  15:08  Marine x2  
  104  15:10  SCV x2  
  108  15:15  Widow Mine  
  108  15:16  Viking  
  112  15:23  SCV x2  
  112  15:25  Marauder, Marine  
  112  15:26  Marine  
  118  15:35  SCV  
  119  15:43  Marine x2  
  119  15:44  Starport  
  119  15:46  Marauder, Viking  
  125  16:01  Combat Shield  
  125  16:09  Supply Depot  
  125  16:10  Supply Depot x2  
  125  16:11  Barracks Reactor, Barracks Tech Lab, Supply Depot  
  125  16:24  Marauder  
  125  16:30  Marine x2  
  123  16:33  Supply Depot  
  123  16:34  Supply Depot  
  123  16:35  Supply Depot  
  123  16:38  Marauder  
  117  16:46  Marauder  
  119  16:48  Marine x2  
  121  16:58  Viking x2  
  121  16:59  Marauder  
  127  17:02  Marine  
  127  17:03  Marine  
  127  17:06  Marine x2  
  127  17:07  Marauder  
  133  17:10  Command Center  
  133  17:14  Refinery  
  133  17:16  Refinery  
  133  17:20  Engineering Bay, Marine x3, Concussive Shells  
  136  17:24  Marine x2  
  136  17:25  Armory  
  136  17:28  Marauder, Viking x2  
  142  17:38  Marauder, Marine x2  
  142  17:42  Marine  
  147  17:50  Marauder  
  145  17:58  Viking x2  
  145  18:00  Marauder  
  130  18:10  Marine x4  
  130  18:11  Marauder  
Show
View Real Time Build Order
Export as new Build Order

Anomandaris Zerg - Winner!

Build Orders: Hatch First 

Get SALT Encoding   

  12  0:00  Drone  
  13  0:13  Overlord  
  13  0:18  Drone  
  14  0:31  Drone x2  
  14  0:35  Drone  
  17  0:54  Hatchery  
  16  1:03  Extractor  
  16  1:04  Drone x2  
  17  1:19  Spawning Pool  
  17  1:20  Drone  
  17  1:23  Drone  
  18  1:34  Drone  
  19  1:40  Evolution Chamber  
  19  1:46  Drone  
  19  2:08  Queen, Zerg Melee Weapons Level 1  
  19  2:10  Queen  
  23  2:18  Zergling x6  
  23  2:22  Zergling x2  
  27  2:39  Overlord  
  27  2:41  Metabolic Boost, Zergling x2  
  28  2:52  Overlord  
  28  2:57  Zergling x6  
  32  2:58  Zergling x2  
  32  3:04  Zergling x2  
  33  3:07  Zergling x2  
  34  3:20  Zergling x4  
  34  3:23  Baneling Nest  
  35  3:30  Zergling x4  
  37  3:38  Zergling x6  
  37  3:39  Zergling x2  
  41  3:44  Zergling x2  
  42  3:57  Zergling x2  
  42  3:58  Zergling x2, Overlord  
  44  4:09  Zergling x2  
  44  4:16  Zergling x8  
  43  4:37  Baneling x2  
  41  4:41  Zergling x8  
  41  4:42  Zergling x4  
  40  4:55  Zergling x4  
  34  5:07  Zergling x4  
  34  5:16  Zergling x2  
  34  5:17  Zergling x2  
  34  5:24  Lair  
  34  5:31  Zergling x4  
  34  5:32  Baneling x5  
  34  5:33  Baneling x2  
  36  5:36  Zergling x4  
  38  5:47  Zergling x4  
  32  6:07  Zergling x16  
  36  6:11  Baneling x2  
  36  6:15  Baneling x2  
  36  6:19  Drone  
  36  6:20  Drone  
  31  6:50  Zergling x2  
  31  6:51  Zergling x10  
  34  6:55  Drone x2  
  34  6:56  Drone  
  34  6:59  Drone x3  
  38  7:06  Extractor  
  38  7:07  Drone  
  38  7:11  Drone  
  38  7:15  Extractor  
  38  7:17  Extractor  
  37  7:31  Drone x4  
  41  7:37  Spire  
  41  7:40  Drone  
  41  7:42  Drone  
  42  7:53  Drone  
  42  7:54  Drone x3  
  42  7:57  Drone  
  47  8:20  Overlord x2  
  47  8:27  Overlord  
  47  8:28  Overlord  
  47  8:32  Baneling  
  47  8:51  Mutalisk x6  
  59  8:55  Baneling  
  59  8:56  Mutalisk  
  61  9:03  Mutalisk  
  61  9:08  Overlord  
  63  9:12  Mutalisk  
  65  9:20  Mutalisk, Spine Crawler  
  66  9:37  Mutalisk  
  66  9:38  Mutalisk  
  68  9:54  Mutalisk  
  68  9:57  Zerg Flyer Weapons Level 1  
  62  10:09  Mutalisk  
  62  10:10  Zergling x4  
  62  10:11  Zergling x4  
  68  10:17  Mutalisk  
  70  10:24  Hatchery, Mutalisk  
  65  10:51  Mutalisk x3  
  67  11:21  Mutalisk x2  
  67  11:22  Mutalisk  
  71  11:39  Mutalisk x2  
  69  11:40  Zergling x4  
  69  11:41  Zergling x6  
  72  11:54  Mutalisk  
  72  12:02  Drone x2  
  72  12:05  Drone x5  
  67  12:31  Mutalisk x4  
  67  12:32  Drone x2  
  67  12:35  Extractor x2  
  72  12:38  Drone x3  
  72  12:39  Zerg Flyer Weapons Level 2  
  75  12:45  Drone x2  
  78  12:51  Drone  
  78  12:59  Spire  
  73  13:07  Zergling x2  
  73  13:08  Zergling x8  
  73  13:11  Hatchery  
  77  13:14  Pneumatized Carapace, Overseer  
  77  13:18  Drone x3  
  80  13:22  Drone  
  80  13:25  Spore Crawler  
  80  13:29  Spore Crawler  
  80  13:30  Zergling x6  
  80  13:31  Zergling x2  
  80  13:32  Drone  
  84  13:40  Mutalisk x2  
  88  13:43  Overseer x2  
  88  13:45  Mutalisk  
  90  13:55  Baneling x5  
  90  13:56  Baneling x2  
  90  13:58  Overlord x3  
  90  14:04  Spine Crawler  
  85  14:27  Mutalisk  
  85  14:28  Mutalisk x4  
  95  14:36  Zerg Flyer Armor Level 1  
  96  14:45  Drone x2  
  96  14:49  Infestation Pit  
  96  14:55  Mutalisk x2  
  96  14:58  Drone x2  
  96  14:59  Drone x7  
  109  15:03  Extractor  
  104  15:21  Zergling x6  
  105  15:24  Evolution Chamber  
  105  15:26  Evolution Chamber  
  101  15:34  Centrifical Hooks  
  99  15:39  Drone x3  
  102  15:44  Drone x3  
  105  15:50  Baneling x3  
  105  15:52  Hatchery  
  102  16:10  Mutalisk x8  
  115  16:20  Hive  
  114  16:57  Mutalisk x3  
  118  17:16  Overlord x4  
  118  17:17  Overlord  
  118  17:35  Ultralisk Cavern  
  117  17:43  Drone x4  
  117  17:44  Drone  
  122  17:47  Drone x5  
  127  17:51  Extractor  
  127  17:56  Spine Crawler  
  127  17:57  Extractor  
  124  17:59  Spine Crawler, Spore Crawler  
Show
View Real Time Build Order
Export as new Build Order

Fatamor Terran - Winner!

Build Orders: Reaper Expand 

Get SALT Encoding   

  12  0:01  SCV  
  13  0:17  Supply Depot  
  13  0:18  SCV  
  14  0:30  SCV  
  15  0:42  Barracks  
  15  0:46  Refinery  
  15  0:59  SCV  
  16  1:26  Command Center  
  16  1:35  Supply Depot  
  16  1:39  Reaper  
  15  2:06  Orbital Command  
  15  2:20  Supply Depot  
  15  2:21  Barracks Reactor  
  15  2:35  Barracks  
  15  3:09  Marine x2  
  16  3:14  Orbital Command  
  16  3:16  SCV  
  17  3:25  Barracks Tech Lab  
  17  3:28  SCV, Marine  
  17  3:29  Marine  
  20  3:40  SCV  
  21  3:43  Engineering Bay  
  21  3:52  SCV  
  22  4:04  SCV  
  22  4:06  Marine x3  
  25  4:12  Stimpack  
  25  4:24  Marine x2, Terran Infantry Weapons Level 1  
  24  4:25  SCV x2, Factory  
  28  4:32  Marine  
  28  4:37  SCV  
  28  4:38  SCV  
  31  4:42  Marine x2  
  33  4:50  SCV x2  
  33  4:51  Marine  
  36  5:00  Marine x2  
  36  5:02  SCV  
  39  5:09  Marine  
  39  5:22  Factory Reactor  
  35  5:34  Starport  
  35  5:35  Marauder, Marine x2  
  37  5:44  SCV x2  
  39  5:53  Marine x2  
  39  5:56  SCV x2, Marine  
  44  6:08  SCV  
  44  6:10  Marine  
  44  6:11  Marine  
  47  6:14  Refinery, Marine  
  47  6:16  Medivac  
  47  6:18  Terran Infantry Armor Level 1  
  50  6:23  Refinery  
  50  6:26  Supply Depot  
  50  6:28  Refinery, Marine x2  
  50  6:31  Marine  
  53  6:35  Factory Tech Lab  
  51  6:55  Marine x3  
  54  7:01  Barracks  
  54  7:06  Concussive Shells  
  53  7:11  Medivac  
  53  7:13  Marine x3  
  59  7:22  SCV  
  59  7:25  SCV  
  60  7:30  Marine  
  60  7:31  Marine  
  60  7:35  Supply Depot  
  60  7:36  Supply Depot  
  62  7:38  Marine  
  62  7:39  SCV x2, Supply Depot  
  62  7:41  Medivac x2  
  69  7:48  Marine x2  
  69  7:50  Armory, Barracks  
  69  7:51  SCV x2  
  73  7:57  Marauder  
  75  8:03  SCV x2  
  77  8:10  Marine x2  
  79  8:14  Barracks Reactor  
  79  8:15  SCV x2  
  79  8:18  Marauder  
  83  8:27  SCV x2  
  83  8:29  Command Center  
  83  8:32  Siege Tank  
  88  8:35  Medivac x2  
  88  8:39  SCV x2  
  94  8:43  Terran Infantry Weapons Level 2  
  94  8:51  SCV  
  95  8:57  Barracks Tech Lab  
  95  9:00  Engineering Bay  
  95  9:03  SCV  
  95  9:04  Siege Tank  
  95  9:05  Marine x3  
  102  9:25  Terran Infantry Armor Level 2  
  102  9:37  Supply Depot x2  
  102  9:38  Supply Depot  
  102  9:40  Marine x2  
  102  9:41  Marauder  
  104  10:02  Marauder  
  95  10:17  Siege Tank  
  98  10:25  Marine  
  98  10:26  Marauder x2, Marine  
  98  10:27  Marine x2  
  106  10:43  Marine  
  106  10:44  Marine x3  
  106  10:47  Marine  
  106  10:48  Marauder  
  106  10:49  Siege Tank  
  116  11:01  Marine  
  116  11:02  Marine  
  118  11:21  Siege Tank  
  118  11:25  Marine x3  
  120  11:26  Marauder x2, Marine  
  125  11:43  Marine  
  109  11:47  Marauder x2  
  109  11:51  Marine x3  
  109  11:53  Siege Tank  
  116  12:01  Marine  
  115  12:09  Marauder x2, Marine x3  
  122  12:19  Marine  
  111  12:27  Marine x3  
  108  12:30  Marauder x2  
  112  12:43  Marine  
  111  12:44  Marine x2  
  95  12:51  Marauder  
  95  12:52  Marauder  
  96  12:59  Marine  
  96  13:01  Marine, Siege Tank  
  96  13:02  Marine x2  
  102  13:13  Marauder x2  
  102  13:17  Marine  
  102  13:18  Marine  
  108  13:20  Marine x2  
  110  13:27  SCV  
  110  13:33  Siege Tank  
  116  13:34  Marauder x2  
  116  13:35  Marine  
  116  13:36  Marine  
  116  13:38  Marine x2  
  116  13:39  SCV  
  122  13:51  SCV x2  
  122  13:53  Marine  
  122  13:54  Orbital Command, Marine  
  128  13:56  Marauder x2, Marine x2  
  132  14:03  SCV x2  
  134  14:10  Marine  
  134  14:11  Terran Infantry Weapons Level 3  
  134  14:12  Marine  
  134  14:13  Marine  
  134  14:14  Marine  
  134  14:15  Terran Infantry Armor Level 3  
  140  14:17  Marauder  
  140  14:28  Marine  
  141  14:37  Supply Depot  
  141  14:41  Marine x2, Supply Depot  
  141  14:42  Marauder x2, Supply Depot  
  141  14:44  Liberator  
  148  14:58  Liberator  
  151  15:03  Marauder x2  
  155  15:11  Refinery  
  155  15:12  Refinery, Marine x4  
  159  15:25  Marauder x2  
  159  15:27  SCV, Liberator  
  167  15:35  Marine x4  
  169  15:39  SCV  
  169  15:41  Supply Depot  
  169  15:42  Supply Depot  
  172  15:43  Supply Depot  
  172  15:51  SCV, Combat Shield  
  173  16:02  Liberator  
  173  16:03  Marauder x2  
  180  16:10  Medivac  
  182  16:24  Marauder x2  
  183  16:44  Command Center  
  183  16:46  Marauder  
  185  17:09  Medivac x2  
  155  18:19  Marine x3  
  140  18:20  Marine  
Tags
 
Add a new tag
Caveats
  • Supply blocks, unpowered buildings, or Contaminate may cause inaccurate times.
  • Supply counts are checked every 10 seconds.